 Dungeon Crawl Stone Soup version 0.26.1-2-gb8aa6d0cf2 (webtiles) character file.

Game seed: 14618695995501403452

212 promet the Magician (level 5, -1/28 HPs)
             Began as a Deep Elf Air Elementalist on Mar 20, 2021.
             Slain by an adder (2 damage)
             ... on level 2 of the Dungeon.
             The game lasted 00:24:55 (3859 turns).

promet the Magician (Deep Elf Air Elementalist)     Turns: 3859, Time: 00:24:57

Health: -1/28      AC:  5    Str:  6    XL:     5   Next: 58%
Magic:  6/13       EV: 17    Int: 20    God:
Gold:   24         SH:  0    Dex: 15    Spells: 10/13 levels left

rFire    . . .     SeeInvis +   n - +0 halberd
rCold    . . .     Faith    .   (shield currently unavailable)
rNeg     . . .     Spirit   .   t - +0 leather armour
rPois    .         Reflect  .   h - +0 helmet
rElec    .         Harm     .   (no cloak)
rCorr    .         Rampage  .   i - +0 pair of gloves
Will     .....                  (no boots)
Stlth    ++........             (no amulet)
HPRegen  0.09/turn              e - +4 ring of evasion
MPRegen  0.13/turn              j - ring of see invisible

@: lethally poisoned (-1 -> -7), sluggish, very slow
A: no striking features
a: no special abilities


You were on level 2 of the Dungeon.
You visited 1 branch of the dungeon, and saw 3 of its levels.

You collected 114 gold pieces.
You spent 90 gold pieces at shops.

Inventory:

Hand Weapons
 a - a +0 short sword
 c - a +0 hand axe
 m - a +0 dagger
 n - a +0 halberd (weapon)
 r - a +0 hunting sling
Missiles
 b - 157 stones
 f - 3 boomerangs of dispersal
 g - 18 bolts
 k - 7 boomerangs (quivered)
 q - a throwing net
Armour
 d - a +0 robe
 h - a +0 helmet (worn)
 i - a +0 pair of gloves (worn)
 t - a +0 leather armour (worn)
Jewellery
 e - a +4 ring of evasion (left hand)
 j - a ring of see invisible (right hand)
Scrolls
 l - a scroll of magic mapping
 p - a scroll of identify
 s - a scroll of remove curse


   Skills:
 + Level 0.6 Fighting
 + Level 0.1 Short Blades
 + Level 0.3(0.9) Axes
 + Level 1.1 Polearms
 + Level 0.1 Throwing
 + Level 3.9 Dodging
 * Level 3.6 Stealth
 + Level 4.5 Spellcasting
 + Level 1.6 Conjurations
 + Level 3.6 Air Magic


You had 10 spell levels left.
You knew the following spells:

 Your Spells              Type           Power        Failure   Level
a - Shock                 Conj/Air       60%          6%          1
b - Swiftness             Air            19%          6%          2

Your spell library contained the following spells:

 Spells                   Type           Power        Failure   Level
 Static Discharge         Conj/Air       15%          19%         3
 Airstrike                Air            9%           38%         4
 Lightning Bolt           Conj/Air       7%           87%         5


Dungeon Overview and Level Annotations

Branches:
Dungeon (3/15)

Altars:
Qazlal
Zin


Message History

Casting: Shock (safe; 6% risk of failure)
Confirm with . or Enter, or press ? or * to list all spells.
Aiming: Shock (safe; 6% risk of failure)
Press: ? - help, Shift-Dir - straight line, f/p - adder
Aim: an adder (lightly wounded, 47% to evade)
The zap hits the adder.
The adder is heavily wounded.
You start to feel a little faster.
* * * LOW HITPOINT WARNING * * *
You feel sick. The adder misses you.
Casting: Shock (safe; 6% risk of failure)
Confirm with . or Enter, or press ? or * to list all spells.
Aiming: Shock (safe; 6% risk of failure)
Press: ? - help, Shift-Dir - straight line, f/p - adder
Aim: an adder (heavily wounded, 47% to evade)
The zap hits the adder.
The adder is severely wounded.
* * * LOW HITPOINT WARNING * * *
You feel sick. The adder bites you.
You die...

#.######.#
############# #.#
#.####...........#
#.#
#....#.#########.#
#.# #####'#.# #####.#
#.# #.......# #.....#
#.# #.......# #.#####
#.# #.......# #.#
#.#####.......#####.#
...............S@...#
..########..........#
..# #..<........# ..#
#...........# <.#
#...........# ..#
#.....#######
..#######.....#
........+.....#
.########.....#


You could see an adder.

Vanquished Creatures
  An orc wizard (D:3)
  7 gnolls (D:2)
  3 adders (D:2)
  4 leopard geckos (D:1)
  2 orcs (D:3)
  5 giant cockroaches
  10 goblins
  11 hobgoblins
  3 jackals (D:2)
  A quokka (D:2)
  10 bats
  10 frilled lizards
  8 kobolds
  10 rats
85 creatures vanquished.

Vanquished Creatures (others)
  4 toadstools (D:1)
4 creatures vanquished.

Grand Total: 89 creatures vanquished

Notes
Turn   | Place    | Note
-------+----------+-------------------------------------------
     0 | D:1      | promet the Deep Elf Air Elementalist began the quest for
                  | the Orb.
     0 | D:1      | Reached XP level 1. HP: 10/10 MP: 6/6
   399 | D:1      | Reached XP level 2. HP: 15/15 MP: 6/8
   539 | D:1      | Learned a level 2 spell: Swiftness
   875 | D:1      | Reached XP level 3. HP: 19/19 MP: 7/10
  1349 | D:1      | Reached skill level 4 in Spellcasting
  1549 | D:2      | You fall into a shaft and drop 1 floor!
  1654 | D:2      | Reached XP level 4. HP: 24/24 MP: 1/12
  2610 | D:2      | Found Zin's Purification Station.
  2613 | D:2      | Found a glowing silver altar of Zin.
  2618 | D:2      | Bought a potion of curing for 90 gold pieces
  2899 | D:2      | Reached XP level 5. HP: 3/28 MP: 11/13
  3432 | D:3      | Found a stormy altar of Qazlal.
  3832 | D:3      | Reached skill level 1 in Polearms
  3858 | D:2      | HP: 1/28 [poisoned by an adder]
  3859 | D:2      | Slain by an adder

Illustrated notes

Levels and vault maps discovered:
D:1:      ldierk_water_garden, layout_loops_ring, minmay_hexomino_p4
D:2:      wad_river_or_something, layout_basic, zin_purify
D:3:      layout_basic, grunt_qazlal_sundering

Skill      XL: |  1  2  3  4  5 |
---------------+----------------+-----
Dodging        | 3 |  3.9
Spellcasting   | 4 |  4.5
Stealth        | 3 |  3.6
Polearms       | 1 |  1.1
Fighting       | |  0.6
Short Blades   | |  0.1
Axes           | |  0.3
Throwing       | |  0.1
Conjurations   | |  1.6
Air Magic      | |  3.6

Action                   |  1- 3 |  4- 6 || total
-------------------------+-------+-------++-------
Melee: Hand axe          |    27 |       ||    27
       Dagger            |    19 |       ||    19
       Short sword       |     5 |       ||     5
       Halberd           |       |   155 ||   155
Throw: Boomerang         |     4 |       ||     4
 Cast: Shock             |    72 |    42 ||   114
       Swiftness         |       |     2 ||     2
  Use: Scroll            |     5 |     1 ||     6
       Potion            |     1 |     4 ||     5
 Stab: Sleeping          |     1 |     1 ||     2
Armor: Robe              |     8 |    23 ||    31
       Leather armour    |       |     4 ||     4
Dodge: Dodged            |    54 |   196 ||   250
